Match 47377491
Unlisted

Match 47377491
End
Kettenkrad Recon Vehicle
Construct Infanterie Kompanie
MG 42 Machine Gun Team
GrW 34 Mortar Team
Grenadier Squad
Selects Breakthrough Battlegroup
Selects Assault Grenadiers
Grenadier Squad
Construct Panzergrenadier Kompanie
Selects Smoke Bombing Run
Panzergrenadier Squad
Support Elements
Selects Incendiary Bombing Run
Nebelwerfer 42 Rocket Launcher Team
Construct Panzer Kompanie
Medical Station
Selects Rapid Production
Selects Blitzkrieg
Panzer IV Medium Tank
Panzer IV Medium Tank
Selects Panzer IV Command Tank Sd.Kfz. 161/1
Panzer IV Medium Tank
Repair Bunker
Blitzkrieg
Stoßtruppen Squad
Panzer Officer Quarters
Side Skirts
Panzer IV Command Tank
Blitzkrieg
Smoke Bombing Run
Panzer IV Medium Tank
Incendiary Bombing Run
秃鹫k
카츄사
Yikers
FLOKL
孤冰月
子清
冲锋大哥
XXxxxGxxxXX
0
0

Comments sign in to comment!

No comments posted yet!